Stars vs Oilers

Created - 6 mars 2021 at 20:56

Goals
1 2 3 T
Stars 0 2 1 3
Oilers 1 0 0 1
Shots
1 2 3 T
Stars 6 7 10 23
Oilers 8 10 10 28

1st period

1. Oilers , Pavel Zacha 11 (Yanni Gourde 19, Brenden Dillon 10) at 10:14

Penalties :
Evander Kane (EDM) for Holding (Minor) at 7:51, Devon Toews (DAL) for Interference (Minor) at 14:18

2nd period

2. Stars , Tom Wilson 21 (Patrice Bergeron 43, Reilly Smith 30) at 8:01
3. Stars , Reilly Smith 29 (Tom Wilson 24, Patrice Bergeron 44) at 13:21

Penalties :
Brenden Dillon (EDM) for Roughing (Minor) at 9:09

3rd period

4. Stars , Nazem Kadri 21 (Devon Toews 18) at 10:19

Penalties :
Brenden Dillon (EDM) for Hooking (Minor) at 2:56, Jacob Trouba (EDM) for Hooking (Minor) at 6:27

Goalie Stats

Darcy Kuemper (DAL), 27 saves from 28 shots - (0,964), W, 32-20-6, 60:00 minutes
Robin Lehner (EDM), 20 saves from 23 shots - (0,870), L, 19-22-7, 60:00 minutes

Players Stats for Stars

Player Name              G  A  P  +/- PIM S  H  SB GA TA FO     MP     PP MP  PK MP  
------------------------------------------------------------------------------------
Adam Fox                 0  0  0   0  0   1  0  0  0  0  0/0    18:07   4:13   1:05 
Brandon Saad             0  0  0   0  0   0  3  0  0  0  1/2    14:54   0:51   0:20 
Brandon Tanev            0  0  0  -1  0   0  1  0  0  0  0/1     8:58   0:34   1:07 
Derick Brassard          0  0  0   0  0   0  0  1  0  0  8/12   13:43   0:00   0:00 
Devon Toews              0  1  1   1  2   0  2  0  0  0  0/0    16:53   0:01   0:00 
Duncan Keith             0  0  0   1  0   2  2  0  0  0  0/0    25:04   3:42   0:59 
James van Riemsdyk       0  0  0   0  0   2  0  0  0  0  0/0    13:43   0:00   0:00 
John Klingberg           0  0  0   0  0   4  3  1  0  0  0/0    25:06   3:42   0:53 
Josh Leivo               0  0  0  -1  0   1  0  0  0  0  0/1     7:51   0:34   0:00 
Nazem Kadri              1  0  1   1  0   3  2  0  0  0  7/14   16:28   2:49   0:01 
Patrice Bergeron         0  2  2   2  0   0  1  0  0  0  15/29  20:34   4:16   0:51 
Reilly Smith             1  1  2   2  0   2  0  0  0  0  0/0    19:07   3:40   0:00 
Scott Mayfield           0  0  0   0  0   0  1  1  0  0  0/0    14:15   0:01   0:17 
Shea Theodore            0  0  0   2  0   5  1  2  0  0  0/0    20:33   4:13   0:43 
Teddy Blueger            0  0  0  -1  0   0  1  0  0  0  5/9     8:25   0:00   1:08 
Tom Wilson               1  1  2   2  0   2  3  0  0  0  1/1    19:39   3:40   0:32 
Tyler Toffoli            0  0  0   1  0   0  0  0  0  0  1/1    17:20   3:42   0:00 
Victor Olofsson          0  0  0   1  0   1  0  0  0  0  0/1    17:20   3:42   0:00 

Players Stats for Oilers

Player Name              G  A  P  +/- PIM S  H  SB GA TA FO     MP     PP MP  PK MP  
------------------------------------------------------------------------------------
Adam Lowry               0  0  0  -1  0   1  3  1  0  0  10/19  15:30   0:00   3:19 
Barclay Goodrow          0  0  0  -1  0   3  3  0  0  0  0/1    15:24   0:00   3:13 
Barrett Hayton           0  0  0  -1  0   0  0  0  0  0  3/9    10:44   0:50   1:49 
Brenden Dillon           0  1  1   0  4   0  3  0  0  0  0/0    19:52   0:00   2:01 
Brent Burns              0  0  0  -1  0   1  1  0  0  0  0/0    19:43   1:06   0:00 
Dylan DeMelo             0  0  0   0  0   0  1  3  0  0  0/0    20:53   0:53   2:45 
Evander Kane             0  0  0  -1  2   1  7  0  0  0  0/1    18:23   1:09   0:00 
Gustav Nyquist           0  0  0  -1  0   2  0  0  0  0  0/1    18:24   1:09   0:00 
Jacob Trouba             0  0  0  -1  2   1  6  1  0  0  0/0    23:09   1:06   2:49 
Leo Komarov              0  0  0  -1  0   0  0  0  0  0  0/1    11:14   0:00   3:09 
Nick Cousins             0  0  0  -1  0   1  0  0  0  0  0/1    12:11   0:00   0:00 
Pavel Zacha              1  0  1   1  0   8  0  0  0  0  5/13   14:43   0:50   1:19 
Riley Nash               0  0  0  -1  0   1  0  0  0  0  0/0     8:42   0:00   0:37 
Ryan Johansen            0  0  0  -1  0   3  0  0  0  0  15/25  20:50   1:09   2:26 
Sam Bennett              0  0  0   1  0   4  1  0  0  0  0/0    12:34   0:00   0:00 
Travis Hamonic           0  0  0  -1  0   0  4  1  0  0  0/0    17:28   0:00   3:53 
Vladislav Gavrikov       0  0  0  -1  0   1  1  0  0  0  0/0    18:52   0:53   4:24 
Yanni Gourde             0  1  1   1  0   1  3  0  0  0  0/0    13:24   0:50   0:00 

3 Stars

1 - Tom Wilson (DAL)
2 - Reilly Smith (DAL)
3 - Patrice Bergeron (DAL)

Power Play

Stars - 0 on 4 Attempt(s) - 0,00%
Oilers - 0 on 1 Attempt(s) - 0,00%

Penalty Kill

Stars - 1 on 1 Attempt(s) - 100,00% - Score 0 goal in Penalty Kill
Oilers - 4 on 4 Attempt(s) - 100,00% - Score 0 goal in Penalty Kill

Team Stat

Stars - Hits : 20 - Faceoff Wins : 38 - Blocked Shots : 5 - Penalty Minutes : 2
Oilers - Hits : 33 - Faceoff Wins : 33 - Blocked Shots : 6 - Penalty Minutes : 8

Official

Referees : Mike Duco and Pierre Lambert
Linesman : Jim Harper and Travis Gawryletz

Game Notes

No Game Note

Finance

Level 1 -- Attendance: 6500 (100,00%) -- Ticket Income 793 000 $
Level 2 -- Attendance: 4429 (88,58%) -- Ticket Income 416 326 $
Level 3 -- Attendance: 2900 (82,86%) -- Ticket Income 217 500 $
Level 4 -- Attendance: 839 (100,00%) -- Ticket Income 61 247 $
Luxury Box -- Attendance: 872 (87,20%) -- Ticket Income 202 304 $
Game was played at the Rexall Place.
Total Attendance: 15540 (92,29%)
Total Ticket Income: 1 690 377 $
Other Income: 828 285 $
Total Income: 2 518 662 $

% Time on Ice - Stars

Lines # - Real PCT - Wanted PCT - Time Play
Normal Forward
1 - 31% - 35% - 15:27
2 - 27% - 31% - 13:38
3 - 27% - 24% - 13:43
4 - 15% - 10% - 7:17
Normal Defense
1 - 38% - 40% - 18:57
2 - 32% - 30% - 16:01
3 - 27% - 20% - 13:41
4 - 3% - 10% - 1:26
PP Forward
1 - 46% - 60% - 3:40
2 - 54% - 40% - 4:16
PP Defense
1 - 47% - 60% - 3:43
2 - 53% - 40% - 4:13
PK Forward
1 - 73% - 60% - 1:27
2 - 27% - 40% - 0:32
PK Defense
1 - 50% - 60% - 0:59
2 - 50% - 40% - 1:00
PK3 Forward
1 - 0% - 60%
2 - 0% - 40%
PK3 Defense
1 - 0% - 60%
2 - 0% - 40%
44 Forward
1 - 0% - 60%
2 - 0% - 40%
44 Defense
1 - 0% - 60%
2 - 0% - 40%
Last Minute Offensive  - 0:00
Last Minute Defensive  - 0:00
Total
Forward - 60:00
Defense - 60:00

% Time on Ice - Oilers

Lines # - Real PCT - Wanted PCT - Time Play
Normal Forward
1 - 34% - 40% - 17:15
2 - 25% - 30% - 12:34
3 - 24% - 20% - 12:11
4 - 16% - 10% - 8:05
Normal Defense
1 - 37% - 40% - 18:28
2 - 27% - 30% - 13:35
3 - 36% - 30% - 17:53
4 - 0% - 0% - 0:09
PP Forward
1 - 58% - 60% - 1:09
2 - 42% - 40% - 0:50
PP Defense
1 - 55% - 60% - 1:06
2 - 45% - 40% - 0:53
PK Forward
1 - 69% - 60% - 5:30
2 - 31% - 40% - 2:26
PK Defense
1 - 63% - 60% - 5:01
2 - 37% - 40% - 2:55
PK3 Forward
1 - 0% - 60%
2 - 0% - 40%
PK3 Defense
1 - 0% - 60%
2 - 0% - 40%
44 Forward
1 - 0% - 60%
2 - 0% - 40%
44 Defense
1 - 0% - 60%
2 - 0% - 40%
Last Minute Offensive  - 0:00
Last Minute Defensive  - 0:00
Total
Forward - 60:00
Defense - 60:00

Play-by-Play

1st period


0:01 of 1st period - Ryan Johansen wins face-off versus Patrice Bergeron in neutral zone.
0:06 of 1st period - Reilly Smith is hit by Evander Kane and loses puck.
1:30 of 1st period - Shot by Yanni Gourde.
1:30 of 1st period - Shot Misses the Net.
1:32 of 1st period - Shot by Travis Hamonic.
1:32 of 1st period - Shot Misses the Net.
1:34 of 1st period - Shot by Yanni Gourde.
1:34 of 1st period - Stopped by Darcy Kuemper without a rebound.
1:35 of 1st period - Derick Brassard wins face-off versus Adam Lowry in Stars zone.
1:35 of 1st period - Derick Brassard is hit by Adam Lowry.
2:35 of 1st period - Shot by Duncan Keith.
2:35 of 1st period - Stopped by Robin Lehner without a rebound.
2:36 of 1st period - Patrice Bergeron wins face-off versus Pavel Zacha in Oilers zone.
2:39 of 1st period - Shot by Patrice Bergeron.
2:39 of 1st period - Shot Misses the Net.
2:47 of 1st period - Shot by John Klingberg.
2:47 of 1st period - Stopped by Robin Lehner without a rebound.
2:48 of 1st period - Ryan Johansen wins face-off versus Teddy Blueger in Oilers zone.
2:50 of 1st period - Icing by Brent Burns.
2:51 of 1st period - Ryan Johansen wins face-off versus Nazem Kadri in Oilers zone.
2:56 of 1st period - Shot by Nazem Kadri.
2:56 of 1st period - Stopped by Robin Lehner without a rebound.
2:57 of 1st period - Teddy Blueger wins face-off versus Pavel Zacha in Oilers zone.
3:16 of 1st period - Pavel Zacha is hit by Duncan Keith and loses puck.
3:19 of 1st period - Shot by Pavel Zacha.
3:19 of 1st period - Stopped by Darcy Kuemper with a rebound.
4:18 of 1st period - Shot by Ryan Johansen.
4:18 of 1st period - Stopped by Darcy Kuemper with a rebound.
4:36 of 1st period - Shot by Patrice Bergeron.
4:36 of 1st period - Shot Blocked by Jacob Trouba.
4:45 of 1st period - Patrice Bergeron is hit by Jacob Trouba and loses puck.
5:08 of 1st period - Shot by Nazem Kadri.
5:08 of 1st period - Stopped by Robin Lehner without a rebound.
5:09 of 1st period - Derick Brassard wins face-off versus Adam Lowry in Oilers zone.
5:22 of 1st period - Shot by Adam Fox.
5:22 of 1st period - Stopped by Robin Lehner without a rebound.
5:23 of 1st period - Nazem Kadri wins face-off versus Leo Komarov in Oilers zone.
5:34 of 1st period - Shot by Nazem Kadri.
5:34 of 1st period - Shot Blocked by Dylan DeMelo.
5:40 of 1st period - Shot by Riley Nash.
5:40 of 1st period - Stopped by Darcy Kuemper without a rebound.
5:41 of 1st period - Derick Brassard wins face-off versus Adam Lowry in Stars zone.
5:41 of 1st period - Derick Brassard is hit by Barclay Goodrow.
6:46 of 1st period - Shot by Nazem Kadri.
6:46 of 1st period - Shot Misses the Net.
7:37 of 1st period - Duncan Keith is hit by Evander Kane and loses puck.
7:51 of 1st period - Minor Penalty to Evander Kane for Holding.
7:52 of 1st period - Brandon Saad wins face-off versus Ryan Johansen in Oilers zone.
7:53 of 1st period - Shot by Shea Theodore.
7:53 of 1st period - Stopped by Robin Lehner without a rebound.
7:54 of 1st period - Ryan Johansen wins face-off versus Brandon Saad in Oilers zone.
7:54 of 1st period - Ryan Johansen is hit by Tom Wilson.
9:33 of 1st period - Shot by Shea Theodore.
9:33 of 1st period - Shot Misses the Net.
10:06 of 1st period - Shot by Evander Kane.
10:06 of 1st period - Stopped by Darcy Kuemper without a rebound.
10:07 of 1st period - Pavel Zacha wins face-off versus Josh Leivo in Stars zone.
10:14 of 1st period - Shot by Pavel Zacha.
10:14 of 1st period - Goal by Pavel Zacha - Stars : 0 - Oilers : 1.
10:15 of 1st period - Ryan Johansen wins face-off versus Teddy Blueger in neutral zone.
10:30 of 1st period - Teddy Blueger is hit by Jacob Trouba.
11:08 of 1st period - Shot by Brandon Saad.
11:08 of 1st period - Shot Misses the Net.
11:14 of 1st period - Shot by James van Riemsdyk.
11:14 of 1st period - Shot Misses the Net.
11:22 of 1st period - Shot by Shea Theodore.
11:22 of 1st period - Shot Misses the Net.
11:24 of 1st period - Shot by Derick Brassard.
11:24 of 1st period - Shot Misses the Net.
11:31 of 1st period - Icing by Dylan DeMelo.
11:32 of 1st period - Patrice Bergeron wins face-off versus Barrett Hayton in Oilers zone.
12:10 of 1st period - Duncan Keith is hit by Yanni Gourde and loses puck.
12:18 of 1st period - Icing by John Klingberg.
12:19 of 1st period - Patrice Bergeron wins face-off versus Ryan Johansen in Stars zone.
13:03 of 1st period - Icing by Reilly Smith.
13:04 of 1st period - Patrice Bergeron wins face-off versus Pavel Zacha in Stars zone.
13:15 of 1st period - Shot by Yanni Gourde.
13:15 of 1st period - Deflect By Sam Bennett.
13:15 of 1st period - Stopped by Darcy Kuemper without a rebound.
13:16 of 1st period - Adam Lowry wins face-off versus Victor Olofsson in Stars zone.
13:24 of 1st period - Shot by Dylan DeMelo.
13:24 of 1st period - Shot Blocked by Shea Theodore.
13:26 of 1st period - Shot by Adam Lowry.
13:26 of 1st period - Shot Misses the Net.
13:42 of 1st period - Tyler Toffoli is hit by Adam Lowry.
13:52 of 1st period - Shot by Tyler Toffoli.
13:52 of 1st period - Shot Misses the Net.
14:18 of 1st period - Minor Penalty to Devon Toews for Interference.
14:19 of 1st period - Teddy Blueger wins face-off versus Ryan Johansen in Stars zone.
14:34 of 1st period - Shot by Jacob Trouba.
14:34 of 1st period - Stopped by Darcy Kuemper without a rebound.
14:35 of 1st period - Teddy Blueger wins face-off versus Pavel Zacha in Stars zone.
16:03 of 1st period - John Klingberg is hit by Evander Kane and loses puck.
16:38 of 1st period - Scott Mayfield is hit by Barclay Goodrow and loses puck.
17:04 of 1st period - Tyler Toffoli is hit by Travis Hamonic and loses puck.
17:28 of 1st period - Derick Brassard is hit by Travis Hamonic and loses puck.
17:35 of 1st period - Shot by Brandon Saad.
17:35 of 1st period - Shot Misses the Net.
17:37 of 1st period - Shot by Brandon Saad.
17:37 of 1st period - Shot Misses the Net.
18:27 of 1st period - Yanni Gourde is hit by Devon Toews.
18:36 of 1st period - Off-side.
18:37 of 1st period - Derick Brassard wins face-off versus Evander Kane in neutral zone.
19:36 of 1st period - Dylan DeMelo is hit by John Klingberg.
19:48 of 1st period - Adam Lowry is hit by Tom Wilson and loses puck.
19:59 of 1st period - Barclay Goodrow is hit by Tom Wilson and loses puck.
Goals for this period are 0 for Stars vs 1 for Oilers.
Shots for this period are 6 for Stars vs 8 for Oilers.

2nd period


0:01 of 2nd period - Pavel Zacha wins face-off versus Patrice Bergeron in neutral zone.
0:06 of 2nd period - Icing by Patrice Bergeron.
0:07 of 2nd period - Patrice Bergeron wins face-off versus Gustav Nyquist in Stars zone.
0:11 of 2nd period - Icing by John Klingberg.
0:12 of 2nd period - Ryan Johansen wins face-off versus Patrice Bergeron in Stars zone.
0:12 of 2nd period - Evander Kane is hit by John Klingberg and loses puck.
0:37 of 2nd period - Icing by Ryan Johansen.
0:38 of 2nd period - Ryan Johansen wins face-off versus Nazem Kadri in Oilers zone.
0:38 of 2nd period - Ryan Johansen is hit by Nazem Kadri.
0:59 of 2nd period - Tyler Toffoli is hit by Jacob Trouba and loses puck.
1:08 of 2nd period - Shot by Nazem Kadri.
1:08 of 2nd period - Deflect By Victor Olofsson.
1:08 of 2nd period - Stopped by Robin Lehner with a rebound.
1:10 of 2nd period - Shot by Scott Mayfield.
1:10 of 2nd period - Shot Misses the Net.
1:17 of 2nd period - Tyler Toffoli is hit by Jacob Trouba and loses puck.
1:29 of 2nd period - Reilly Smith is hit by Evander Kane and loses puck.
1:41 of 2nd period - Patrice Bergeron is hit by Brent Burns and loses puck.
2:01 of 2nd period - Icing by Gustav Nyquist.
2:02 of 2nd period - Ryan Johansen wins face-off versus Derick Brassard in Oilers zone.
2:23 of 2nd period - Icing by Jacob Trouba.
2:24 of 2nd period - Teddy Blueger wins face-off versus Ryan Johansen in Oilers zone.
2:42 of 2nd period - Shot by Josh Leivo.
2:42 of 2nd period - Stopped by Robin Lehner with a rebound.
2:57 of 2nd period - Icing by Brent Burns.
2:58 of 2nd period - Patrice Bergeron wins face-off versus Ryan Johansen in Oilers zone.
3:31 of 2nd period - Shot by Reilly Smith.
3:31 of 2nd period - Shot Misses the Net.
4:06 of 2nd period - Adam Lowry is hit by Devon Toews and loses puck.
4:09 of 2nd period - Shot by Barclay Goodrow.
4:09 of 2nd period - Deflect By Nick Cousins.
4:09 of 2nd period - Shot Misses the Net.
4:19 of 2nd period - Shot by Barclay Goodrow.
4:19 of 2nd period - Shot Misses the Net.
4:21 of 2nd period - Shot by Barclay Goodrow.
4:21 of 2nd period - Stopped by Darcy Kuemper without a rebound.
4:22 of 2nd period - Derick Brassard wins face-off versus Barrett Hayton in Stars zone.
5:04 of 2nd period - Off-side.
5:05 of 2nd period - Adam Lowry wins face-off versus Patrice Bergeron in neutral zone.
6:32 of 2nd period - Icing by Nazem Kadri.
6:33 of 2nd period - Tyler Toffoli wins face-off versus Barrett Hayton in Stars zone.
6:42 of 2nd period - Shot by Leo Komarov.
6:42 of 2nd period - Shot Blocked by Shea Theodore.
6:44 of 2nd period - Shot by Brent Burns.
6:44 of 2nd period - Stopped by Darcy Kuemper without a rebound.
6:45 of 2nd period - Derick Brassard wins face-off versus Adam Lowry in Stars zone.
6:58 of 2nd period - Shot by Derick Brassard.
6:58 of 2nd period - Shot Misses the Net.
7:01 of 2nd period - James van Riemsdyk is hit by Travis Hamonic and loses puck.
7:56 of 2nd period - Patrice Bergeron is hit by Jacob Trouba and loses puck.
8:01 of 2nd period - Shot by Tom Wilson.
8:01 of 2nd period - Goal by Tom Wilson - Stars : 1 - Oilers : 1.
8:02 of 2nd period - Nazem Kadri wins face-off versus Pavel Zacha in neutral zone.
8:02 of 2nd period - Nazem Kadri is hit by Sam Bennett.
8:18 of 2nd period - Nazem Kadri is hit by Yanni Gourde and loses puck.
8:39 of 2nd period - Shot by Tyler Toffoli.
8:39 of 2nd period - Shot Misses the Net.
9:03 of 2nd period - Shot by Patrice Bergeron.
9:03 of 2nd period - Shot Blocked by Dylan DeMelo.
9:05 of 2nd period - Shot by Tom Wilson.
9:05 of 2nd period - Stopped by Robin Lehner with a rebound.
9:08 of 2nd period - Patrice Bergeron is hit by Dylan DeMelo and loses puck.
9:09 of 2nd period - Minor Penalty to Brenden Dillon for Roughing.
9:10 of 2nd period - Nazem Kadri wins face-off versus Adam Lowry in Oilers zone.
9:38 of 2nd period - Nazem Kadri is hit by Travis Hamonic and loses puck.
9:59 of 2nd period - Shot by Shea Theodore.
9:59 of 2nd period - Stopped by Robin Lehner with a rebound.
10:01 of 2nd period - Shot by Tyler Toffoli.
10:01 of 2nd period - Shot Misses the Net.
10:03 of 2nd period - Shot by Shea Theodore.
10:03 of 2nd period - Stopped by Robin Lehner without a rebound.
10:04 of 2nd period - Patrice Bergeron wins face-off versus Adam Lowry in Oilers zone.
10:21 of 2nd period - Ryan Johansen is hit by Patrice Bergeron and loses puck.
11:24 of 2nd period - Gustav Nyquist is hit by John Klingberg and loses puck.
11:29 of 2nd period - Shot by Gustav Nyquist.
11:29 of 2nd period - Shot Misses the Net.
11:31 of 2nd period - Shot by Brent Burns.
11:31 of 2nd period - Shot Blocked by Derick Brassard.
11:57 of 2nd period - Shot by Pavel Zacha.
11:57 of 2nd period - Shot Misses the Net.
12:07 of 2nd period - Shot by Sam Bennett.
12:07 of 2nd period - Stopped by Darcy Kuemper with a rebound.
12:09 of 2nd period - Shot by Brenden Dillon.
12:09 of 2nd period - Shot Misses the Net.
12:11 of 2nd period - Shot by Pavel Zacha.
12:11 of 2nd period - Shot Misses the Net.
12:13 of 2nd period - Shot by Pavel Zacha.
12:13 of 2nd period - Stopped by Darcy Kuemper without a rebound.
12:14 of 2nd period - Barrett Hayton wins face-off versus Teddy Blueger in Stars zone.
12:14 of 2nd period - Barrett Hayton is hit by Scott Mayfield.
12:26 of 2nd period - Riley Nash is hit by Teddy Blueger and loses puck.
13:19 of 2nd period - Shot by Tom Wilson.
13:19 of 2nd period - Shot Misses the Net.
13:21 of 2nd period - Shot by Reilly Smith.
13:21 of 2nd period - Goal by Reilly Smith - Stars : 2 - Oilers : 1.
13:22 of 2nd period - Ryan Johansen wins face-off versus Nazem Kadri in neutral zone.
13:29 of 2nd period - Shot by Gustav Nyquist.
13:29 of 2nd period - Shot Misses the Net.
13:31 of 2nd period - Shot by Ryan Johansen.
13:31 of 2nd period - Stopped by Darcy Kuemper without a rebound.
13:32 of 2nd period - Pavel Zacha wins face-off versus Patrice Bergeron in Stars zone.
13:55 of 2nd period - Shot by Pavel Zacha.
13:55 of 2nd period - Stopped by Darcy Kuemper without a rebound.
13:56 of 2nd period - Derick Brassard wins face-off versus Ryan Johansen in Stars zone.
15:41 of 2nd period - Shot by Barclay Goodrow.
15:41 of 2nd period - Stopped by Darcy Kuemper with a rebound.
15:43 of 2nd period - Shot by Vladislav Gavrikov.
15:43 of 2nd period - Stopped by Darcy Kuemper with a rebound.
16:26 of 2nd period - Riley Nash is hit by Shea Theodore and loses puck.
16:32 of 2nd period - Icing by Reilly Smith.
16:33 of 2nd period - Ryan Johansen wins face-off versus Patrice Bergeron in Stars zone.
16:47 of 2nd period - Icing by Shea Theodore.
16:48 of 2nd period - Patrice Bergeron wins face-off versus Barrett Hayton in Stars zone.
16:53 of 2nd period - Shot by Reilly Smith.
16:53 of 2nd period - Deflect By Tom Wilson.
16:53 of 2nd period - Shot Misses the Net.
17:09 of 2nd period - Riley Nash is hit by Nazem Kadri and loses puck.
18:20 of 2nd period - Brandon Tanev is hit by Evander Kane and loses puck.
18:37 of 2nd period - Shot by Pavel Zacha.
18:37 of 2nd period - Deflect By Yanni Gourde.
18:37 of 2nd period - Shot Misses the Net.
18:39 of 2nd period - Shot by Sam Bennett.
18:39 of 2nd period - Stopped by Darcy Kuemper without a rebound.
18:40 of 2nd period - Patrice Bergeron wins face-off versus Nick Cousins in Stars zone.
18:44 of 2nd period - Icing by John Klingberg.
18:45 of 2nd period - Tom Wilson wins face-off versus Pavel Zacha in Stars zone.
18:45 of 2nd period - Tom Wilson is hit by Yanni Gourde.
18:54 of 2nd period - Icing by John Klingberg.
18:55 of 2nd period - Adam Lowry wins face-off versus Patrice Bergeron in Stars zone.
19:05 of 2nd period - Duncan Keith is hit by Barclay Goodrow and loses puck.
19:28 of 2nd period - Shot by Adam Lowry.
19:28 of 2nd period - Stopped by Darcy Kuemper without a rebound.
19:29 of 2nd period - Derick Brassard wins face-off versus Ryan Johansen in Stars zone.
Goals for this period are 2 for Stars vs 0 for Oilers.
Shots for this period are 7 for Stars vs 10 for Oilers.

3rd period


0:01 of 3rd period - Pavel Zacha wins face-off versus Nazem Kadri in neutral zone.
0:11 of 3rd period - Shot by John Klingberg.
0:11 of 3rd period - Stopped by Robin Lehner with a rebound.
0:19 of 3rd period - Shot by Pavel Zacha.
0:19 of 3rd period - Stopped by Darcy Kuemper with a rebound.
0:21 of 3rd period - Shot by Sam Bennett.
0:21 of 3rd period - Shot Misses the Net.
1:05 of 3rd period - Shot by Gustav Nyquist.
1:05 of 3rd period - Stopped by Darcy Kuemper without a rebound.
1:06 of 3rd period - Adam Lowry wins face-off versus Derick Brassard in Stars zone.
1:45 of 3rd period - James van Riemsdyk is hit by Brenden Dillon and loses puck.
2:33 of 3rd period - Icing by Brenden Dillon.
2:34 of 3rd period - Nazem Kadri wins face-off versus Adam Lowry in Oilers zone.
2:46 of 3rd period - Nazem Kadri is hit by Brenden Dillon.
2:55 of 3rd period - Icing by Brenden Dillon.
2:56 of 3rd period - Teddy Blueger wins face-off versus Barclay Goodrow in Oilers zone.
2:56 of 3rd period - Minor Penalty to Brenden Dillon for Hooking.
2:57 of 3rd period - Nazem Kadri wins face-off versus Ryan Johansen in Oilers zone.
3:20 of 3rd period - Shot by Nazem Kadri.
3:20 of 3rd period - Shot Misses the Net.
3:53 of 3rd period - Off-side.
3:54 of 3rd period - Barrett Hayton wins face-off versus Patrice Bergeron in neutral zone.
3:59 of 3rd period - Shot by Pavel Zacha.
3:59 of 3rd period - Stopped by Darcy Kuemper without a rebound.
4:00 of 3rd period - Patrice Bergeron wins face-off versus Barrett Hayton in Stars zone.
4:21 of 3rd period - Shot by Adam Fox.
4:21 of 3rd period - Shot Misses the Net.
4:23 of 3rd period - Shot by Shea Theodore.
4:23 of 3rd period - Stopped by Robin Lehner without a rebound.
4:24 of 3rd period - Adam Lowry wins face-off versus Nazem Kadri in Oilers zone.
4:44 of 3rd period - Shot by John Klingberg.
4:44 of 3rd period - Stopped by Robin Lehner without a rebound.
4:45 of 3rd period - Adam Lowry wins face-off versus Patrice Bergeron in Oilers zone.
5:19 of 3rd period - Shot by Gustav Nyquist.
5:19 of 3rd period - Stopped by Darcy Kuemper without a rebound.
5:20 of 3rd period - Pavel Zacha wins face-off versus Brandon Tanev in Stars zone.
5:29 of 3rd period - Shot by Pavel Zacha.
5:29 of 3rd period - Shot Blocked by John Klingberg.
5:31 of 3rd period - Shot by Pavel Zacha.
5:31 of 3rd period - Stopped by Darcy Kuemper without a rebound.
5:32 of 3rd period - Patrice Bergeron wins face-off versus Ryan Johansen in Stars zone.
5:32 of 3rd period - Patrice Bergeron is hit by Evander Kane.
5:52 of 3rd period - Shot by Evander Kane.
5:52 of 3rd period - Shot Misses the Net.
5:56 of 3rd period - Shot by Evander Kane.
5:56 of 3rd period - Deflect By Ryan Johansen.
5:56 of 3rd period - Stopped by Darcy Kuemper without a rebound.
5:57 of 3rd period - Nazem Kadri wins face-off versus Pavel Zacha in Stars zone.
6:18 of 3rd period - Shot by John Klingberg.
6:18 of 3rd period - Stopped by Robin Lehner without a rebound.
6:19 of 3rd period - Patrice Bergeron wins face-off versus Ryan Johansen in Oilers zone.
6:27 of 3rd period - Minor Penalty to Jacob Trouba for Hooking.
6:28 of 3rd period - Adam Lowry wins face-off versus Nazem Kadri in Oilers zone.
6:37 of 3rd period - Shot by Nazem Kadri.
6:37 of 3rd period - Shot Blocked by Travis Hamonic.
6:39 of 3rd period - Shot by Reilly Smith.
6:39 of 3rd period - Stopped by Robin Lehner without a rebound.
6:40 of 3rd period - Adam Lowry wins face-off versus Patrice Bergeron in Oilers zone.
6:49 of 3rd period - Shot by Duncan Keith.
6:49 of 3rd period - Stopped by Robin Lehner without a rebound.
6:50 of 3rd period - Adam Lowry wins face-off versus Nazem Kadri in Oilers zone.
7:00 of 3rd period - Off-side.
7:01 of 3rd period - Patrice Bergeron wins face-off versus Adam Lowry in neutral zone.
7:01 of 3rd period - Patrice Bergeron is hit by Adam Lowry.
7:21 of 3rd period - Shot by Patrice Bergeron.
7:21 of 3rd period - Shot Hit the Post.
7:23 of 3rd period - Shot by Duncan Keith.
7:23 of 3rd period - Shot Blocked by Adam Lowry.
7:25 of 3rd period - Shot by Patrice Bergeron.
7:25 of 3rd period - Shot Misses the Net.
8:21 of 3rd period - Shot by Shea Theodore.
8:21 of 3rd period - Shot Blocked by Dylan DeMelo.
8:23 of 3rd period - Shot by Shea Theodore.
8:23 of 3rd period - Stopped by Robin Lehner without a rebound.
8:24 of 3rd period - Adam Lowry wins face-off versus Patrice Bergeron in Oilers zone.
8:39 of 3rd period - Shot by James van Riemsdyk.
8:39 of 3rd period - Stopped by Robin Lehner without a rebound.
8:40 of 3rd period - Ryan Johansen wins face-off versus Teddy Blueger in Oilers zone.
9:11 of 3rd period - Off-side.
9:12 of 3rd period - Patrice Bergeron wins face-off versus Pavel Zacha in neutral zone.
9:43 of 3rd period - Shot by Patrice Bergeron.
9:43 of 3rd period - Shot Misses the Net.
10:19 of 3rd period - Shot by Nazem Kadri.
10:19 of 3rd period - Goal by Nazem Kadri - Stars : 3 - Oilers : 1.
10:20 of 3rd period - Ryan Johansen wins face-off versus Derick Brassard in neutral zone.
10:27 of 3rd period - Evander Kane is hit by Brandon Saad and loses puck.
10:32 of 3rd period - Shot by James van Riemsdyk.
10:32 of 3rd period - Stopped by Robin Lehner without a rebound.
10:33 of 3rd period - Nazem Kadri wins face-off versus Barrett Hayton in Oilers zone.
11:04 of 3rd period - Shot by Nazem Kadri.
11:04 of 3rd period - Shot Misses the Net.
11:46 of 3rd period - Shot by Ryan Johansen.
11:46 of 3rd period - Shot Misses the Net.
11:54 of 3rd period - Shot by Evander Kane.
11:54 of 3rd period - Shot Misses the Net.
12:10 of 3rd period - Gustav Nyquist is hit by Brandon Saad and loses puck.
12:55 of 3rd period - Shot by Sam Bennett.
12:55 of 3rd period - Stopped by Darcy Kuemper with a rebound.
13:03 of 3rd period - Shot by Yanni Gourde.
13:03 of 3rd period - Deflect By Pavel Zacha.
13:03 of 3rd period - Shot Blocked by Scott Mayfield.
13:05 of 3rd period - Shot by Pavel Zacha.
13:05 of 3rd period - Shot Misses the Net.
13:10 of 3rd period - Icing by Scott Mayfield.
13:11 of 3rd period - Patrice Bergeron wins face-off versus Adam Lowry in Stars zone.
13:43 of 3rd period - Shot by Barclay Goodrow.
13:43 of 3rd period - Stopped by Darcy Kuemper with a rebound.
14:19 of 3rd period - Shot by Tyler Toffoli.
14:19 of 3rd period - Shot Misses the Net.
15:29 of 3rd period - Travis Hamonic is hit by Brandon Tanev.
16:26 of 3rd period - Dylan DeMelo is hit by Brandon Saad and loses puck.
16:36 of 3rd period - Icing by Brandon Saad.
16:37 of 3rd period - Ryan Johansen wins face-off versus Derick Brassard in Stars zone.
16:45 of 3rd period - Adam Fox is hit by Evander Kane and loses puck.
16:55 of 3rd period - James van Riemsdyk is hit by Jacob Trouba.
17:22 of 3rd period - Icing by Jacob Trouba.
17:23 of 3rd period - Ryan Johansen wins face-off versus Patrice Bergeron in Oilers zone.
17:57 of 3rd period - Shot by Nick Cousins.
17:57 of 3rd period - Stopped by Darcy Kuemper with a rebound.
18:31 of 3rd period - Barclay Goodrow is hit by Duncan Keith and loses puck.
18:39 of 3rd period - Nazem Kadri is hit by Brenden Dillon and loses puck.
19:07 of 3rd period - Josh Leivo is hit by Vladislav Gavrikov and loses puck.
19:42 of 3rd period - Shot by Pavel Zacha.
19:42 of 3rd period - Stopped by Darcy Kuemper without a rebound.
19:43 of 3rd period - Ryan Johansen wins face-off versus Patrice Bergeron in Stars zone.
19:55 of 3rd period - Icing by Reilly Smith.
19:56 of 3rd period - Barrett Hayton wins face-off versus Patrice Bergeron in Stars zone.
Goals for this period are 1 for Stars vs 0 for Oilers.
Shots for this period are 10 for Stars vs 10 for Oilers.